 Dungeon Crawl Stone Soup version 0.20-a0-492-g6327889 (webtiles) character file.

286 Goblin1989 the Slasher (level 6, -3/44 HPs)
             Began as a Barachian Gladiator on Jan 15, 2017.
             Slain by an orc
             ... wielding a +0 flail
              (6 damage)
             ... on level 2 of the Dungeon.
             The game lasted 00:05:05 (2215 turns).

Goblin1989 the Slasher (Barachian Gladiator)        Turns: 2215, Time: 00:05:06

Health: -3/44      AC:  4    Str: 14    XL:     6   Next: 30%
Magic:  6/6        EV: 12    Int:  7    God:
Gold:   107        SH:  4    Dex: 12    Spells: 5/5 levels left

rFire    . . .     SeeInvis .   a - +0 long sword
rCold    . . .     Gourm    .   b - +0 leather armour
rNeg     . . .     Faith    .   s - +0 buckler
rPois    .         Spirit   .   c - +0 helmet
rElec    .         Reflect  .   (no cloak)
rCorr    .         Harm     .   (no gloves)
MR       .....                  (no boots)
Stlth    +.........             (no amulet)
Regen    0.1/turn               (no ring)
                                (no ring)

@: slow
A: swims, slowness 1, strong legs 1
a: Hop


You were on level 2 of the Dungeon.
You were not hungry.

You visited 1 branch of the dungeon, and saw 3 of its levels.

You collected 107 gold pieces.

Inventory:

Hand Weapons
 a - a +0 long sword (weapon)
Missiles
 Z - a throwing net (quivered) {=f, !d}
Armour
 b - a +0 leather armour (worn)
 c - a +0 helmet (worn)
 s - a +0 buckler (worn)
Jewellery
 n - a +5 amulet of reflection {unknown}
 o - an uncursed ring of fire
Scrolls
 d - 2 scrolls of identify {unknown}
 e - 2 scrolls of enchant armour {unknown}
 g - a scroll of noise {unknown}
 i - 2 scrolls of fog {unknown}
 j - a scroll of amnesia {unknown}
 r - a scroll of recharging {unknown}
Potions
 k - a potion of cure mutation {unknown}
 l - a potion of curing {@q1}
 m - a potion of cancellation {unknown}
 t - a potion of heal wounds {!q, @q2}
Comestibles
 f - 3 bread rations {@e1}
 h - 2 meat rations {@e2}
 p - 4 fruits
 u - a slice of pizza
 w - a chunk of flesh {@w0}


   Skills:
 - Level 2.1 Fighting
 + Level 6.6 Long Blades
 - Level 1.7 Throwing
 - Level 3.0 Dodging
 - Level 3.0 Shields


You had 5 spell levels left.
You didn't know any spells.

Dungeon Overview and Level Annotations

Branches:
Dungeon (3/15)

Altars:


Innate Abilities, Weirdness & Mutations

You can swim through water.
You cover ground slowly.
You can hop short distances.


Message History

You block the orc's attack.
You hit the orc but do no damage.
The orc is almost dead.
The orc hits you but does no damage.
You barely miss the orc.
The orc is almost dead.
The orc hits you with a falchion.
* * * LOW HITPOINT WARNING * * *
You take 6 damage, and have 8/44 hp.
You hit the orc but do no damage.
The orc is almost dead.
The orc hits you with a falchion.
* * * LOW HITPOINT WARNING * * *
You take 5 damage, and have 3/44 hp.
You hit the orc.
You kill the orc!
You barely miss the orc.
The orc is severely wounded.
The orc hits you with a flail.
You die... █.█ █.█ █.█ ████████

█.█████████.......
█>................
█)█████████.......
█.█ █.......


█o█ █....... █@█ █....... █.█ █....... █.█ ████████ █.█ █.█ █.█ █.█ █.█ █.█ You
could see an orc.

Vanquished Creatures
  Sigmund (D:2)
  Jessica (D:2)
  Terence (D:2)
  An adder (D:2)
  2 oozes (D:1)
  2 worms (D:2)
  3 dart slugs (D:1)
  3 leopard geckos
  An orc (D:2)
  3 giant cockroaches
  2 goblins
  7 hobgoblins
  3 jackals (D:1)
  2 quokkas (D:2)
  4 bats
  3 frilled lizards
  7 kobolds
  A rat (D:2)
47 creatures vanquished.

Notes
Turn   | Place    | Note
-------+----------+-------------------------------------------
     0 | D:1      | Goblin1989 the Barachian Gladiator began the quest for the Orb.
     0 | D:1      | Reached XP level 1. HP: 16/16 MP: 1/1
   374 | D:1      | Reached skill level 4 in Long Blades
   374 | D:1      | Reached XP level 2. HP: 18/22 MP: 2/2
   768 | D:1      | Reached XP level 3. HP: 23/27 MP: 3/3
  1381 | D:2      | Reached skill level 5 in Long Blades
  1713 | D:2      | Noticed Jessica
  1727 | D:2      | Killed Jessica
  1727 | D:2      | Reached skill level 1 in Shields
  1727 | D:2      | Reached XP level 4. HP: 19/33 MP: 4/4
  1796 | D:2      | Noticed Terence
  1796 | D:2      | Noticed Sigmund
  1822 | D:2      | Killed Sigmund
  1822 | D:2      | Reached skill level 6 in Long Blades
  1822 | D:2      | Reached XP level 5. HP: 21/38 MP: 5/5
  1822 | D:2      | Reached XP level 6. HP: 24/44 MP: 6/6
  1859 | D:2      | Killed Terence
  2215 | D:2      | Slain by an orc

Vault maps used:
D:1:      dpeg_arrival_shrine, minmay_misc_feat_roman
D:2:      first_bread, uniq_terence, uniq_jessica, uniq_sigmund
D:3:      lemuel_doored_altar

Skill      XL: |  1  2  3  4  5  6 |
---------------+-------------------+-----
Long Blades    | 4 5 6 |  6.6
Shields        | 1 2 3 |  3.0
Fighting       | |  2.1
Throwing       | |  1.7
Dodging        | |  3.0

Action                   |  1- 3 |  4- 6 || total
-------------------------+-------+-------++-------
Melee: Long sword        |   111 |    86 ||   197
Throw: Throwing net      |       |     3 ||     3
  Use: Potion            |       |     5 ||     5
 Stab: Sleeping          |     2 |       ||     2
       Invisible         |       |     2 ||     2
  Eat: Chunk             |     3 |     2 ||     5
Armor: Leather armour    |    27 |    16 ||    43
Dodge: Dodged            |    79 |    50 ||   129
Block: Buckler           |     4 |    22 ||    26
       Rpst.: Long sword |    25 |    14 ||    39

Vault maps used:
D:1:      dpeg_arrival_shrine, minmay_misc_feat_roman
D:2:      first_bread, uniq_terence, uniq_jessica, uniq_sigmund
D:3:      lemuel_doored_altar
